 Dungeon Crawl Stone Soup version 0.20-a0-296-gf222164 (webtiles) character file.

13822 qqqbard the Cruncher (level 12, -4/80 HPs)
             Began as a Gargoyle Gladiator on Dec 14, 2016.
             Was a High Priest of Okawaru.
             Slain by a yak (10 damage)
             ... on level 11 of the Dungeon.
             The game lasted 00:21:30 (10160 turns).

qqqbard the Cruncher (Gargoyle Gladiator)          Turns: 10160, Time: 00:21:31

Health: -4/80      AC: 34    Str: 21    XL:     12   Next: 10%
Magic:  12/12      EV: 12    Int: 10    God:    Okawaru [*****.]
Gold:   587        SH:  0    Dex: 12    Spells: 11/11 levels left

rFire  . . .     SeeInvis .     w - +1 quarterstaff (protect)
rCold  . . .     Gourm    .     a - +0 scale mail
rNeg   + + .     Faith    .     (shield currently unavailable)
rPois  ∞         Spirit   .     c - +1 helmet
rElec  +         Reflect  .     n - +1 cloak
rCorr  .         Harm     .     R - +2 pair of gloves
MR     .....                    k - +0 pair of boots
Stlth  +.........               E - amulet "Neak" {RegenMP rElec rN+}
                                H - ring of stealth
                                r - +5 ring of slaying

@: protection aura
A: negative energy resistance 1, electricity resistance, unbreathing,
petrification resistance, rot immunity, AC +8
a: Heroism, Finesse, Renounce Religion


You were on level 11 of the Dungeon.
You worshipped Okawaru.
Okawaru was extremely pleased with you.
You were not hungry.

You visited 2 branches of the dungeon, and saw 12 of its levels.

You collected 728 gold pieces.
You spent 141 gold pieces at shops.

Inventory:

Hand Weapons
 m - a +2 quarterstaff of chaos
 w - a +1 quarterstaff of protection (weapon)
Missiles
 d - 5 throwing nets (quivered)
Armour
 a - a +0 scale mail (worn)
 c - a +1 helmet (worn)
 h - a cursed +0 buckler
 k - a +0 pair of boots (worn)
 n - a +1 cloak (worn)
 R - a +2 pair of gloves (worn)
Jewellery
 r - a +5 ring of slaying (left hand)
 E - the amulet "Neak" (around neck) {RegenMP rElec rN+}
   (You found it on level 9 of the Dungeon)

   [amulet of magic regeneration]

   It increases your magic regeneration.
   It insulates you from electricity.
   It protects you from negative energy.
 H - a ring of stealth (right hand)
 L - a cursed -2 ring of evasion {unknown}
Wands
 o - a wand of slowing (28/48)
 v - a wand of iceblast (6/15)
 y - a wand of acid (4/15)
 O - a wand of iceblast (4/15)
Scrolls
 e - 3 scrolls of remove curse
 i - 3 scrolls of magic mapping {unknown}
 l - 5 scrolls of teleportation
 q - a scroll of fog {unknown}
 x - 3 scrolls of amnesia {unknown}
 z - 2 scrolls of noise {unknown}
 C - a scroll of recharging {unknown}
 G - a scroll of immolation {unknown}
 I - 5 scrolls of identify
 K - 2 scrolls of enchant weapon {unknown}
 P - a scroll of brand weapon {unknown}
Potions
 b - a potion of might {unknown}
 j - 3 potions of curing
 p - a potion of haste
 s - a potion of heal wounds {unknown}
 t - 2 potions of flight {unknown}
 B - a potion of agility {unknown}
 F - a potion of beneficial mutation {unknown}
 M - a potion of magic {unknown}
 N - 2 potions of brilliance {unknown}
 U - a potion of ambrosia {unknown}
Books
 J - a book of Enchantments

   Spells                             Type                      Level
   a - Cause Fear                     Hexes                        4
   b - Yara's Violent Unravelling     Hexes/Transmutation          5
   c - Silence                        Hexes/Air                    5
   d - Deflect Missiles               Charms/Air                   6
   e - Discord                        Hexes                        8
 Q - a book of Geomancy

   Spells                             Type                      Level
   a - Sandblast                      Earth                        1
   b - Passwall                       Transmutation/Earth          2
   c - Stone Arrow                    Conjuration/Earth            3
   d - Petrify                        Transmutation/Earth          4
   e - Lee's Rapid Deconstruction     Earth                        5
Comestibles
 f - 10 bread rations
 g - 7 meat rations
 u - a royal jelly
 A - 11 beef jerkies
 D - 3 fruits
 S - 4 chunks of flesh
 T - a slice of pizza


   Skills:
 * Level 11.0 Fighting
 * Level 12.9 Staves
 - Level 1.7 Throwing
 * Level 10.4 Armour
 + Level 3.9 Dodging


You had 11 spell levels left.
You didn't know any spells.

Dungeon Overview and Level Annotations

Branches:
Dungeon (11/15)            Temple (1/1) D:6            Lair (0/6) D:8
    Orc (0/2) D:11

Altars:
Ashenzari
Cheibriados
Dithmenos
Elyvilon
Fedhas
Gozag
Hepliaklqana
Kikubaaqudgha
Makhleb
Nemelex Xobeh
Okawaru
Qazlal
Ru
Sif Muna
Trog
Uskayaw
Vehumet
Xom
Yredelemnul
Zin
The Shining One

Shops:
D:5 (

Annotations:
D:11 exclusion: oklob plant


Innate Abilities, Weirdness & Mutations

You are resistant to torment.
Your stone body is resilient. (AC +8)
You are immune to poison.
You resist negative energy. (rN+)
You are resistant to electric shocks. (rElec)
You can survive without breathing.
You are immune to petrification.
You are immune to rotting.


Message History

You are too injured to fight recklessly!
You are too injured to fight recklessly!
You are too injured to fight recklessly!
You are too injured to fight recklessly!
You are too injured to fight recklessly!
Unknown command.
You completely miss the orc. Something barely misses you.
Something hits you but does no damage. The orc barely misses you.
The yak gores you but does no damage. The yak gores you!
* * * LOW HITPOINT WARNING * * *
You barely miss the orc. Something hits you but does no damage.
The orc hits you but does no damage.
You closely miss the orc. Something hits you but does no damage.
The yak closely misses you. The yak barely misses you.
You hit the orc.
The orc is heavily wounded.
Something hits you.
* * * LOW HITPOINT WARNING * * *
The orc misses you. The yak gores you!
You die...

#.........#.......#.............
#.........##......#.............
#..........#......#.....(.......
#..........#......#.............
#..........#####''#.###########.
#...................#.......
#.....<.............#.......
#..............o....'....... #
#.....#####.....@)..########## #
#.....# #.....YY.....(....... #
#################...............#
........#...≈.# #...............#
........#....≈# #...#######.....#
..............###...# #.....'
....))........#.#...# #.....#
(...).......#.#!#...# #......
............#.#!#...# #......


You could see 2 yaks and an orc.

Vanquished Creatures
  A hydra (D:11)
  2 two-headed ogres
  The ghost of deifeln the Basher, a novice TrMo of Okawaru (D:8)
  An unseen horror (D:10)
  An oklob plant (D:11)
  A cyclops (D:11)
  3 ugly things (D:11)
  A centaur zombie (D:11)
  A gargoyle (D:11)
  A troll (D:10)
  Prince Ribbit (D:8)
  Sigmund (D:2)
  A wyvern (D:11)
  17 yaks
  A steam dragon (D:10)
  A hungry ghost (D:11)
  Grum (D:8)
  A water moccasin (D:7)
  4 orc warriors
  A swamp drake (D:11)
  2 sky beasts
  A black bear (D:6)
  A hornet zombie (D:9)
  2 ice beasts
  3 ogres
  6 centaurs
  2 wolves (D:8)
  5 bullfrogs
  A big kobold (D:10)
  A gnoll sergeant (D:9)
  3 scorpions
  A water moccasin skeleton (D:8)
  6 killer bees (D:7)
  2 howler monkeys (D:11)
  A bullfrog zombie (D:6)
  2 crimson imps
  7 hounds
  7 orc priests
  A jelly (D:8)
  11 orc wizards
  Crazy Yiuf (D:2)
  A bullfrog skeleton (D:6)
  3 centaur skeletons
  An iguana (D:7)
  Natasha (twice) (D:2)
  3 worker ants
  A killer bee zombie (D:6)
  A hound zombie (D:8)
  2 hound skeletons
  A worker ant zombie (D:5)
  A howler monkey zombie (D:7)
  30 gnolls
  10 adders
  A shadow imp (D:5)
  An adder zombie (D:6)
  2 adder skeletons
  5 worms
  5 leopard geckos
  30 orcs
  6 bats
  8 giant cockroaches
  10 hobgoblins
  9 jackals
  A quokka (D:11)
  5 frilled lizards
  9 goblins
  13 kobolds
  3 leopard gecko skeletons
  A quokka skeleton (D:5)
  7 rats
  A bush (D:11)
281 creatures vanquished.

Vanquished Creatures (others)
  8 plants
8 creatures vanquished.

Grand Total: 289 creatures vanquished

Notes
Turn   | Place    | Note
-------+----------+-------------------------------------------
     0 | D:1      | qqqbard the Gargoyle Gladiator began the quest for the Orb.
     0 | D:1      | Reached XP level 1. HP: 12/12 MP: 1/1
   207 | D:1      | Reached XP level 2. HP: 14/17 MP: 2/2
   635 | D:1      | Reached skill level 4 in Staves
   719 | D:2      | Reached XP level 3. HP: 21/21 MP: 3/3
   885 | D:2      | Found a shimmering altar of Xom.
   887 | D:2      | Found a bloodstained altar of Trog.
   887 | D:2      | Found a glowing silver altar of Zin.
   889 | D:2      | Found a snail-covered altar of Cheibriados.
   889 | D:2      | Found a radiant altar of Vehumet.
   889 | D:2      | Found a stormy altar of Qazlal.
   925 | D:2      | Found a hazy altar of Hepliaklqana.
   958 | D:2      | Noticed Sigmund
   975 | D:2      | Killed Sigmund
   975 | D:2      | Reached skill level 6 in Staves
   975 | D:2      | Reached XP level 4. HP: 9/26 MP: 4/4
   975 | D:2      | Reached XP level 5. HP: 11/30 MP: 5/5
  1235 | D:2      | Found a blossoming altar of Fedhas.
  1259 | D:2      | Found a runed door.
  1263 | D:2      | Noticed Crazy Yiuf
  1276 | D:2      | Killed Crazy Yiuf
  1276 | D:2      | Reached XP level 6. HP: 14/35 MP: 6/6
  1600 | D:2      | Noticed Natasha
  1606 | D:2      | Killed Natasha
  1606 | D:2      | Reached skill level 7 in Staves
  1756 | D:2      | Noticed Natasha
  1761 | D:2      | Killed Natasha
  2555 | D:4      | Found a hide-covered altar of Uskayaw.
  2568 | D:4      | Reached XP level 7. HP: 40/40 MP: 7/7
  2683 | D:4      | Reached skill level 8 in Staves
  3008 | D:4      | Found a basalt altar of Yredelemnul.
  3166 | D:5      | Entered Level 5 of the Dungeon
  3218 | D:5      | Reached skill level 9 in Staves
  3247 | D:5      | Found Goilus's Weapon Shop.
  3263 | D:5      | Bought a +1 quarterstaff of protection for 141 gold pieces
  3358 | D:5      | Reached XP level 8. HP: 21/44 MP: 8/8
  3984 | D:6      | Reached skill level 1 in Armour
  4320 | D:6      | Found a staircase to the Ecumenical Temple.
  4329 | Temple   | Entered the Ecumenical Temple
  4646 | D:6      | Reached skill level 10 in Staves
  4707 | D:6      | Noticed a two-headed ogre
  4716 | D:6      | Killed a two-headed ogre
  4716 | D:6      | Reached skill level 5 in Fighting
  4716 | D:6      | Reached skill level 5 in Armour
  4716 | D:6      | Reached XP level 9. HP: 29/54 MP: 9/9
  5062 | D:7      | Found an iron altar of Okawaru.
  5071 | D:7      | Became a worshipper of Warmaster Okawaru
  5217 | D:7      | Found a deep blue altar of Sif Muna.
  5305 | D:7      | Reached * piety under Okawaru
  5654 | D:8      | Found a shadowy altar of Dithmenos.
  5693 | D:8      | Noticed Grum
  5693 | D:8      | Noticed deifeln's ghost (novice TrMo)
  5694 | D:8      | Reached skill level 11 in Staves
  6000 | D:8      | Killed deifeln's ghost
  6000 | D:8      | Reached ** piety under Okawaru
  6000 | D:8      | Reached XP level 10. HP: 58/63 MP: 10/10
  6032 | D:8      | Killed Grum
  6184 | D:8      | Noticed Prince Ribbit
  6206 | D:8      | Killed Prince Ribbit
  6276 | D:8      | Found a faded altar of an unknown god.
  6276 | D:8      | Found a faded altar of an unknown god.
  6296 | D:8      | Found a burning altar of Makhleb.
  6299 | D:8      | Found a snail-covered altar of Cheibriados.
  6301 | D:8      | Found a sacrificial altar of Ru.
  6447 | D:8      | Found a staircase to the Lair.
  6870 | D:9      | Reached *** piety under Okawaru
  7016 | D:9      | Got a warped ruby amulet
  7124 | D:9      | Identified the amulet "Neak" {RegenMP rElec rN+} (You found it on level 9 of the Dungeon)
  7420 | D:9      | Noticed a two-headed ogre
  7427 | D:9      | Killed a two-headed ogre
  7427 | D:9      | Reached **** piety under Okawaru
  7427 | D:9      | Reached skill level 12 in Staves
  7427 | D:9      | Reached XP level 11. HP: 71/71 MP: 8/11
  7495 | D:10     | Entered Level 10 of the Dungeon
  7514 | D:10     | Received a gift from Okawaru
  8214 | D:10     | Killed an unseen horror
  8514 | D:11     | Noticed a purple ugly thing
  8524 | D:11     | Killed a purple ugly thing
  8567 | D:11     | Noticed a cyclops
  8579 | D:11     | Killed a cyclops
  8641 | D:11     | Reached skill level 10 in Fighting
  8673 | D:11     | Noticed an oklob plant
  8686 | D:11     | Noticed an oklob plant
  9196 | D:11     | Killed an oklob plant
  9336 | D:11     | Noticed a six-headed hydra
  9360 | D:11     | Killed a six-headed hydra
  9360 | D:11     | Reached ***** piety under Okawaru
  9395 | D:11     | Noticed a brown ugly thing
  9439 | D:11     | Killed a red ugly thing
  9732 | D:11     | Reached skill level 10 in Armour
  9761 | D:11     | Found a staircase to the Orcish Mines.
  9980 | D:11     | Found a basalt altar of Yredelemnul.
 10000 | D:11     | Noticed a red ugly thing
 10014 | D:11     | Killed a red ugly thing
 10014 | D:11     | Reached XP level 12. HP: 50/79 MP: 12/12
 10160 | D:11     | Slain by a yak

Vault maps used:
D:1:      matt_arrival_los_fun
D:2:      doesnt_xom_only_xom, nicolae_overflow_hidden_temple,
          lemuel_crystal_altar, uniq_natasha, uniq_sigmund,
          uniq_crazy_yiuf_cottage
D:4:      overflow_temple_1_default, kennysheep_mini, nrook_mini_backslash,
          corner_web_ring
D:5:      serial_shops, nicolae_shop_stone, first_bread
D:7:      okawaru_metal_pillars_1_2, marbit_many_paths, hex_medium
D:8:      nicolae_overflow_crystal_walls, chequers_temple_overflow_minitemple,
          david_lair_shrubbed, grunt_ogre_cave, uniq_grum, uniq_prince_ribbit1
D:11:     erik_orc_1, basic_altar, disabler_island
Temple:   cyrus_temple_forest

Skill      XL: |  1  2  3  4  5  6  7  8  9 10 11 12 |
---------------+-------------------------------------+-----
Staves         | 4 6 7 9 10 11 12 | 12.9
Armour         | 5 7 8 10 | 10.4
Fighting       | 5 7 9 10 11 | 11.0
Dodging        | 3 |  3.9
Throwing       | |  1.7

Action                   |  1- 3 |  4- 6 |  7- 9 | 10-12 || total
-------------------------+-------+-------+-------+-------++-------
Melee: Quarterstaff      |    82 |   126 |   349 |   525 ||  1082
Invok: Heroism           |       |       |       |     4 ||     4
  Use: Scroll            |       |       |     7 |       ||     7
       Potion            |       |       |     2 |     2 ||     4
 Stab: Paralysed         |       |     3 |       |       ||     3
  Eat: Chunk             |       |     5 |    11 |    14 ||    30
       Fruit             |       |       |       |     3 ||     3
Armor: Leather armour    |    30 |    26 |       |       ||    56
       Scale mail        |       |    14 |   183 |   429 ||   626
       Skin              |       |       |    36 |    20 ||    56
Dodge: Dodged            |    57 |    59 |   175 |   236 ||   527
